 Dungeon Crawl Stone Soup version 0.28-a0-1506-g3893175d92 (webtiles) character file.

Game seed: 10829193829458441990

10 HallandMoats the Skirmisher (level 2, -4/26 HPs)
             Began as a Ghoul Fighter on Jan 14, 2022.
             Slain by an ogre (29 damage)
             ... on level 2 of the Dungeon.
             The game lasted 00:00:26 (802 turns).

HallandMoats the Skirmisher (Ghoul Fighter)          Turns: 802, Time: 00:00:27

Health: -4/26      AC:  6    Str: 19    XL:     2   Next: 20%
Magic:  1/1        EV:  9    Int:  3    God:
Gold:   44         SH:  4    Dex:  8    Spells: 1/1 levels left

rFire   . . .      SeeInvis .   a - +0 long sword
rCold   + . .      Faith    .   c - +0 buckler
rNeg    + + +      Spirit   .   b - +0 scale mail
rPois   ∞          Reflect  .   (no helmet)
rElec   .          Harm     .   (no cloak)
rCorr   .          Rampage  .   (no gloves)
Will    .....                   (no boots)
Stlth   ..........              (no amulet)
HPRegen 0.00/turn               (no ring)
MPRegen 0.07/turn               (no ring)

@: inhibited regen
A: claws 1, cold resistance 1, negative energy resistance 3, inhibited
regeneration, torment resistance 2
a: no special abilities


You were on level 2 of the Dungeon.
You visited 1 branch of the dungeon, and saw 2 of its levels.

You collected 44 gold pieces.

Inventory:

Hand Weapons
 a - a +0 long sword (weapon)
Armour
 b - a +0 scale mail (worn)
 c - a +0 buckler (worn)
Scrolls
 e - a scroll of magic mapping {unknown}
Potions
 d - a potion of might
 f - a potion of degeneration {unknown}


   Skills:
 * Level 3.4 Fighting
 * Level 2.0 Long Blades
 + Level 2.7 Armour
 + Level 0.3 Dodging
 * Level 2.8 Shields


You had one spell level left.
You didn't know any spells.
Your spell library was empty.

Dungeon Overview and Level Annotations

Branches:
Dungeon (2/15)

Altars:


Innate Abilities, Weirdness & Mutations

You thrive by killing the living.
You are immune to poison.
You have sharp fingernails.
Your flesh is cold resistant. (rC+)
You are immune to negative energy. (rN+++)
You do not regenerate when monsters are visible.
You are immune to unholy pain and torment.


Message History

You closely miss the goblin. You block the goblin's attack.
A ball python comes into view.
There are monsters nearby!
You hit the goblin.
The goblin is moderately wounded.
The goblin closely misses you. The goblin hits you with a +0 dagger.
You slash the goblin!
You kill the goblin!
The ball python bites you but does no damage.
The ball python closely misses you.
You closely miss the ball python. The ball python closely misses you.
The ball python barely misses you.
You hit the ball python but do no damage.
The ball python bites you. The ball python grabs you.
The ball python constricts you.
The ball python bites you but does no damage.
The ball python constricts you.
You barely miss the ball python.
The ball python bites you but does no damage.
The ball python constricts you. You block the ball python's attack.
The ball python constricts you.
You slash the ball python!
You kill the ball python!
No target in view!
No target in view!
No target in view!
Sorry, you're not good enough to have a special ability.
You swing at nothing.
Search for what [? for help]? altar Can't find anything matching that.
Unknown command.
An ogre comes into view. It is wielding a +0 giant spiked club.
An ogre is nearby!
An ogre is nearby!
A dart slug comes into view.
Found a coppery potion.
There are monsters nearby!
The ogre hits you with a +0 giant spiked club!!
Ouch! That really hurt!
You die...

.###. ...!.
##..... ...w..# #
.....## ##.
.......
##...######.....##
#....)<...@O......
##...########..##.
##. # #


You could see an ogre and a dart slug.

Vanquished Creatures
  A dart slug (D:1)
  An endoplasm (D:1)
  A hobgoblin (D:1)
  A quokka (D:1)
  2 ball pythons
  A goblin (D:2)
  2 kobolds (D:1)
9 creatures vanquished.

Notes
Turn   | Place    | Note
-------+----------+-------------------------------------------
     0 | D:1      | HallandMoats the Ghoul Fighter began the quest for the Orb.
     0 | D:1      | Reached XP level 1. HP: 19/19 MP: 0/0
   306 | D:1      | Reached XP level 2. HP: 26/26 MP: 1/1
   799 | D:2      | Noticed an ogre
   802 | D:2      | Slain by an ogre

Illustrated notes

Levels and vault maps discovered:
D:1:      kennysheep_arrival_seaside, layout_loops_ring, serial_park_tiny_1
D:2:      minmay_wonky_spiral, layout_loops_ring, serial_shops, shop_fountains,
          hellmonk_ecumenical_altar_pennies_from_heaven, minmay_snake_closets

Skill      XL: |  1 |
---------------+----+-----
Long Blades    | 2 |  2.0
Fighting       | |  3.4
Armour         | |  2.7
Dodging        | |  0.3
Shields        | |  2.8

Action                   || total
-------------------------++-------
Melee: Long sword        ||    34
Armor: Scale mail        ||    13
Dodge: Dodged            ||    16
Block: Buckler           ||     7

Table legend: (Time is in decaauts)
 A = Elapsed time spent in this place.
 B = Non-inter-level travel time spent in this place.
 C = Inter-level travel time spent in this place.
 D = Time resting spent in this place.
 E = Time spent auto-exploring this place.
 F = Levels seen in this place.
 G = Mean time per level.
                   A        B        C        D        E       F      G
               +--------+--------+--------+--------+--------+-----+--------+
         Total |    816 |    780 |     36 |      0 |    701 |   2 |  408.0 |
       Dungeon |    816 |    780 |     36 |      0 |    701 |   2 |  408.0 |
               +--------+--------+--------+--------+--------+-----+--------+

Top non-repeatable levels by time:
     D:1: 782 daAuts
     D:2: 33 daAuts
